 Dungeon Crawl Stone Soup version 0.29-a0-639-g29a8cde (webtiles) character file.

Game seed: 15109446458393924439

770 Dawnplanks the Chopper (level 7, -4/62 HPs)
             Began as a Minotaur Berserker on June 19, 2022.
             Was a Believer of Trog.
             Killed by divine providence
             ... invoked by an orc priest
              (12 damage)
             ... on level 5 of the Dungeon.
             The game lasted 00:06:58 (4167 turns).

Dawnplanks the Chopper (Minotaur Berserker)         Turns: 4167, Time: 00:06:59

Health: -4/62      AC:  8    Str: 23    XL:     7   Next: 53%
Magic:  6/6        EV: 13    Int:  4    God:    Trog [**....]
Gold:   291        SH:  0    Dex: 16    Spells: 6/6 levels left

rFire   . . .      SeeInvis .   a - +0 hand axe
rCold   . . .      Faith    .   (no shield)
rNeg    . . .      Spirit   .   n - +0 ring mail
rPois   .          Reflect  .   (helmet unavailable)
rElec   .          Harm     .   (no cloak)
rCorr   .          Rampage  .   q - +1 pair of gloves
Will    ++...                   (no boots)
Stlth   +.........              (no amulet)
HPRegen 1.20/turn               m - +6 ring of dexterity
MPRegen 0.10/turn               (no ring)

@: mighty, about to teleport, marked, strong-willed (expiring), on berserk
cooldown, regenerating (expiring), hasted and slowed
A: horns 3, retaliatory headbutt, MP-powered wands
a: Renounce Religion, Berserk, Trog's Hand


You were on level 5 of the Dungeon.
You worshipped Trog.
Trog was pleased with you.
You visited 1 branch of the dungeon, and saw 5 of its levels.

You collected 291 gold pieces.

Inventory:

Hand Weapons
 a - a +0 hand axe (weapon)
 j - the +3 dagger "Beastslayer" {vorpal, rElec rF+ rC+ Str+3}
   (You found it on level 2 of the Dungeon)

   It inflicts extra damage upon your enemies.
   Str:       It affects your strength (+3).
   rF:        It protects you from fire.
   rC:        It protects you from cold.
   rElec:     It insulates you from electricity.
Missiles
 f - 26 stones (quivered)
 i - 2 javelins
Armour
 n - a +0 ring mail (worn)
 q - a +1 pair of gloves (worn)
Jewellery
 m - a +6 ring of dexterity (left hand)
Scrolls
 d - 8 scrolls of identify {unknown}
 e - 2 scrolls of fear {unknown}
 h - 2 scrolls of teleportation
 k - a scroll of brand weapon {unknown}
 p - a scroll of enchant weapon {unknown}
 r - a scroll of blinking {unknown}
 s - a scroll of enchant armour {unknown}
 u - a scroll of torment {unknown}
Potions
 b - a potion of haste
 c - a potion of mutation
 g - a potion of heal wounds {unknown}
 l - a potion of lignification {unknown}
 o - a potion of might
 t - a potion of attraction {unknown}


   Skills:
 + Level 5.9 Fighting
 + Level 7.4 Axes
 + Level 5.0 Armour
 + Level 4.3 Dodging


You had 6 spell levels left.
You didn't know any spells.
Your spell library contained the following spells:

 Spells                   Type           Power      Damage    Failure   Level
 Ensorcelled Hibernation  Hex/Ice        0%         N/A       78%         2
 Spider Form              Tmut/Pois      0%         N/A       95%         3
 Anguish                  Hex/Necr       0%         N/A       100%        4
 Dispersal                Tloc           0%         N/A       100%        6
 Disjunction              Tloc           0%         N/A       100%        8


Dungeon Overview and Level Annotations

Branches:
Dungeon (5/15)
 Temple: D:4-7

Altars:

Shops:
D:2 (


Innate Abilities, Weirdness & Mutations

You have a pair of large horns on your head.
You reflexively headbutt those who attack you in melee.
You expend magic power (3 MP) to strengthen your wands.


Message History

The hornet is severely wounded.
You feel very sick. The hornet completely misses you.
You miss the hornet. You headbutt the hornet!
The hornet is almost dead.
You feel sick. The hornet closely misses you. The hornet stings you!
* * * LOW HITPOINT WARNING * * *
You feel as though you will be slow longer.
You slash the hornet!
You kill the hornet!
Trog accepts your kill.
You are no longer berserk.
You are exhausted.
You feel as though you will be slow longer.
You feel sick.
Your Axes skill increases to level 7!
Your Armour skill increases to level 5!
It was a potion of haste.
You feel yourself speed up.
You feel sick.
An orc comes into view. It is wielding a +0 club.
You feel sick.
An orc priest comes into view. It is wielding a +0 club.
You feel the effects of Trog's Hand fading.
You feel sick.
Okay, then.
As you read the scroll of teleportation, it crumbles to dust.
You feel strangely unstable.
You feel sick.
It was a potion of might.
You feel very mighty all of a sudden.
You feel sick.
An orc wizard comes into view. It is wielding a +0 dagger.
The orc priest invokes the aid of Beogh against you.
You resist with almost no effort.
An orc comes into view. It is wielding a +0 hand axe.
It was a potion of mutation.
You feel extremely strange.
You feel your magical essence link to the dungeon's wands.
The horns on your head grow some more.
You feel sick.
You are no longer poisoned.
The orc priest mumbles some strange prayers to Beogh against you.
Beogh smites you!
You die...

#...# #....###
#......##
#.......#
........#
#....# #...##
#o####....#
#$......@.##
#.....#.....##
####...o.....#
...#....[..#
....#.......#
.#....o......##
#....o.##....#
#.......#...##
.#....#....###


You could see an orc priest, an orc wizard and 2 orcs.

Vanquished Creatures
  A hornet (D:5)
  A black bear (D:4)
  2 phantoms (D:4)
  4 hounds
  A jelly (D:4)
  Natasha (D:2)
  8 adders
  3 worms
  2 dart slugs
  4 orcs
  3 ball pythons
  9 endoplasms
  3 giant cockroaches
  8 goblins
  6 hobgoblins
  2 jackals (D:2)
  8 kobolds
  3 quokkas (D:2)
  7 bats
  2 frilled lizards
  11 rats
89 creatures vanquished.

Notes
Turn   | Place    | Note
-------+----------+-------------------------------------------
     0 | D:1      | Dawnplanks the Minotaur Berserker began the quest for the
                  | Orb.
     0 | D:1      | Reached XP level 1. HP: 19/19 MP: 0/0
   204 | D:1      | Reached XP level 2. HP: 27/27 MP: 1/1
   207 | D:1      | Reached skill level 4 in Axes
   795 | D:1      | Reached XP level 3. HP: 34/34 MP: 2/2
  1577 | D:2      | Identified the +3 dagger "Beastslayer" {vorpal, rElec rF+
                  | rC+ Str+3}
  1609 | D:2      | Found Ydaur's Antique Weapon Shop.
  1666 | D:2      | Found a faded altar of an unknown god.
  1762 | D:2      | Reached ** piety under Trog
  1777 | D:2      | Noticed Natasha
  1785 | D:2      | Killed Natasha
  1786 | D:2      | Reached XP level 4. HP: 26/41 MP: 3/3
  1941 | D:2      | Reached skill level 5 in Axes
  2726 | D:3      | Reached skill level 5 in Fighting
  2731 | D:3      | Reached XP level 5. HP: 36/48 MP: 4/4
  3425 | D:4      | Noticed a phantom
  3433 | D:4      | Killed a phantom
  3488 | D:4      | Reached skill level 6 in Axes
  3488 | D:4      | Reached XP level 6. HP: 30/56 MP: 5/5
  3867 | D:4      | Reached XP level 7. HP: 38/62 MP: 6/6
  4101 | D:5      | Entered Level 5 of the Dungeon
  4148 | D:5      | Noticed a hornet
  4153 | D:5      | Paralysed by a hornet for 3 turns
  4161 | D:5      | Killed a hornet
  4162 | D:5      | Reached skill level 7 in Axes
  4162 | D:5      | Reached skill level 5 in Armour
  4167 | D:5      | Gained mutation: You expend magic power (3 MP) to
                  | strengthen your wands. [potion of mutation]
  4167 | D:5      | Gained mutation: You have a pair of large horns on your
                  | head. [potion of mutation]
  4167 | D:5      | Killed from afar by an orc priest

Illustrated notes

Levels and vault maps discovered:
D:1:      matt_arrival_grand_opening, layout_basic, solitary_fountain
D:2:      layout_basic, shapermc_ecumenical_altar_venn, serial_shops,
          nicolae_diamond_shop, uniq_natasha
D:3:      layout_rooms, serial_co_window_serial, co_window_paths_b,
          co_window_paths_b, co_window_paths_b, co_window_of_opportunity_a,
          co_window_paths_b, co_window_corner_b, co_window_cross_3,
          co_window_unsneaky_path_d, co_window_broadway_a, co_window_broadway_b,
          co_window_sun, glass_columns_a, glass_columns_c, glass_columns_a,
          glass_columns_a, glass_columns_b, minmay_cupped
D:4:      layout_basic
D:5:      layout_cave_pools, eat_drink_and_be_merry_uskayaw,
          minmay_temple_entry_drinking_statues

Skill      XL: |  1  2  3  4  5  6  7 |
---------------+----------------------+-----
Axes           | 4 5 6 7 |  7.4
Fighting       | 4 5 |  5.9
Dodging        | 3 4 |  4.3
Armour         | 3 4 5 |  5.0

Action                   |  1- 3 |  4- 6 |  7- 9 || total
-------------------------+-------+-------+-------++-------
Melee: Hand axe          |    78 |   127 |    14 ||   219
       Headbutt          |     7 |    21 |     3 ||    31
       Punch             |       |     1 |       ||     1
Invok: Trog's Hand       |     1 |       |     1 ||     2
       Berserk           |       |     1 |     1 ||     2
  Use: Potion            |       |       |     3 ||     3
       Scroll            |       |       |     2 ||     2
 Stab: Sleeping          |       |     1 |       ||     1
Armor: Animal skin       |     9 |     2 |       ||    11
       Ring mail         |       |    56 |     4 ||    60
Dodge: Dodged            |    59 |    79 |     5 ||   143

Table legend: (Time is in decaauts)
 A = Elapsed time spent in this place.
 B = Non-inter-level travel time spent in this place.
 C = Inter-level travel time spent in this place.
 D = Time resting spent in this place.
 E = Time spent auto-exploring this place.
 F = Levels seen in this place.
 G = Mean time per level.
                   A        B        C        D        E       F      G
               +--------+--------+--------+--------+--------+-----+--------+
         Total |   4183 |   3959 |    224 |     18 |   3403 |   5 |  836.6 |
       Dungeon |   4183 |   3959 |    224 |     18 |   3403 |   5 |  836.6 |
               +--------+--------+--------+--------+--------+-----+--------+

Top non-repeatable levels by time:
     D:3: 1342 daAuts
     D:1: 1120 daAuts
     D:2: 962 daAuts
     D:4: 691 daAuts
     D:5: 66 daAuts
